 Dungeon Crawl Stone Soup version 0.20.0-10-g0535bb4 (webtiles) character file.

300 poirepourri the Magician (level 6, -10/32 HPs)
             Began as a Deep Elf Fire Elementalist on June 3, 2017.
             Killed from afar by newuser's ghost (31 damage)
             ... with a stone arrow
             ... on level 4 of the Dungeon.
             The game lasted 00:05:18 (4765 turns).

poirepourri the Magician (DEFE)                     Turns: 4765, Time: 00:05:19

Health: -10/32     AC:  3    Str:  5    XL:     6   Next: 13%
Magic:  8/16       EV: 13    Int: 22    God:
Gold:   113        SH:  0    Dex: 15    Spells: 3/16 levels left

rFire    . . .     SeeInvis .   k - +0 dagger
rCold    . . .     Gourm    .   (no shield)
rNeg     . . .     Faith    .   a - +1 robe
rPois    .         Spirit   .   (no helmet)
rElec    .         Reflect  .   (no cloak)
rCorr    .         Harm     .   (no gloves)
MR       .....                  (no boots)
Stlth    ++........             (no amulet)
Regen    0.1/turn               (no ring)
MPRegen  0.2/turn               (no ring)

@: no status effects
A: no striking features
a: no special abilities


You were on level 4 of the Dungeon.
You were not hungry.

You visited 1 branch of the dungeon, and saw 4 of its levels.

You collected 113 gold pieces.

Inventory:

Hand Weapons
 k - a +0 dagger (weapon)
Missiles
 n - 3 tomahawks (quivered)
Armour
 a - a +1 robe (worn)
Scrolls
 g - 2 scrolls of recharging
 h - a scroll of amnesia
Potions
 d - a potion of magic
 e - a potion of brilliance
 f - a potion of agility {unknown}
 i - 3 potions of heal wounds
 j - 2 potions of curing
 l - a potion of mutation {unknown}
 m - 2 potions of invisibility
 o - a potion of might {unknown}
 p - a potion of flight {unknown}
Books
 b - a book of Flames

   Spells                             Type                      Level
   a - Flame Tongue                   Conjuration/Fire             1
   b - Throw Flame                    Conjuration/Fire             2
   c - Conjure Flame                  Conjuration/Fire             3
   d - Inner Flame                    Hexes/Fire                   3
   e - Sticky Flame                   Conjuration/Fire             4
   f - Fireball                       Conjuration/Fire             5
Comestibles
 c - 2 bread rations
 q - 4 fruits


   Skills:
 + Level 3.2 Dodging
 - Level 2.4 Stealth
 * Level 5.9 Spellcasting
 + Level 3.0 Conjurations
 + Level 5.0 Fire Magic


You had 3 spell levels left.
You knew the following spells:

 Your Spells              Type           Power        Failure   Level  Hunger
a - Flame Tongue          Conj/Fire      ###..        1%          1    None
b - Throw Flame           Conj/Fire      ###...       2%          2    None
c - Conjure Flame         Conj/Fire      ###.....     5%          3    #......
d - Inner Flame           Hex/Fire       ###.....     10%         3    #......
e - Sticky Flame          Conj/Fire      ###.....     17%         4    ###....


Dungeon Overview and Level Annotations

Branches:
Dungeon (4/15)
 Temple: D:4-7

Altars:

Annotations:
D:3 Nattefrost's ghost, amateur CeHu
D:4 newuser's ghost, novice OgEE


Message History

Press: ? - help, Shift-Dir - straight line, f/p - newuser's ghost
Aim: newuser's ghost (moderately damaged)
The flame tongue misses newuser's ghost.
The flame tongue hits the quokka skeleton.
The quokka skeleton is severely damaged.
The quokka skeleton is engulfed in blazing flames.
You destroy the quokka skeleton!
Newuser's ghost misses you.
Unknown command.
Okay, then.
Newuser's ghost casts a spell at you. The blast of sand hits you!
Newuser's ghost casts a spell at you. The blast of sand hits you!
That item cannot be evoked!
You see here a leopard gecko corpse.
Newuser's ghost points at you and mumbles some strange words.
The stone arrow hits you!
Ouch! That really hurt!
You die...

#. .# #.# ..# #.# #.##.#
##.# ######.#.. #.##.#.##.#
#.........
#.##.#.##.######.####.##.
#.#..............####.#
######.#........@†.........#
.........##.##.###.#W#######
######...#...#.....#.####
.....................W..#
######...#...#######.##W#
##..##.## #.##.#
#######..###### #.##.#
............... ..##.#
#######.####.## ####.#


You could see newuser's ghost.

Vanquished Creatures
  Sigmund (D:3)
  4 adders
  An ooze (D:1)
  2 worms (D:3)
  5 dart slugs
  6 leopard geckos
  An orc (D:3)
  5 giant cockroaches
  9 goblins
  5 hobgoblins
  7 jackals
  3 kobolds
  3 quokkas
  11 bats
  6 frilled lizards
  A quokka skeleton (D:4)
  7 rats
  A butterfly (D:4)
78 creatures vanquished.

Notes
Turn   | Place    | Note
-------+----------+-------------------------------------------
     0 | D:1      | poirepourri the Deep Elf Fire Elementalist began the quest for the Orb.
     0 | D:1      | Reached XP level 1. HP: 10/10 MP: 6/6
   401 | D:1      | Reached XP level 2. HP: 15/15 MP: 0/8
   784 | D:1      | Learned a level 2 spell: Throw Flame
  1591 | D:2      | Reached XP level 3. HP: 19/19 MP: 0/9
  1932 | D:2      | Learned a level 3 spell: Conjure Flame
  2587 | D:2      | Reached XP level 4. HP: 24/24 MP: 8/11
  2766 | D:3      | Learned a level 3 spell: Inner Flame
  2788 | D:3      | Noticed Sigmund
  2807 | D:3      | Killed Sigmund
  2807 | D:3      | Reached skill level 5 in Spellcasting
  2807 | D:3      | Reached XP level 5. HP: 24/28 MP: 6/15
  2971 | D:3      | Learned a level 4 spell: Sticky Flame
  3080 | D:3      | Noticed Nattefrost's ghost (amateur CeHu)
  3459 | D:3      | Reached skill level 5 in Fire Magic
  3571 | D:3      | Reached XP level 6. HP: 32/32 MP: 2/16
  4752 | D:4      | Noticed newuser's ghost (novice OgEE)
  4765 | D:4      | Killed from afar by newuser's ghost

Skill      XL: |  1  2  3  4  5  6 |
---------------+-------------------+-----
Dodging        | 3 |  3.2
Fire Magic     | 4 5 |  5.0
Spellcasting   | 5 |  5.9
Conjurations   | 2 3 |  3.0
Stealth        | |  2.4

Action                   |  1- 3 |  4- 6 || total
-------------------------+-------+-------++-------
Melee: Unarmed           |     1 |     3 ||     4
       Dagger            |       |     1 ||     1
 Cast: Flame Tongue      |    32 |    35 ||    67
       Throw Flame       |    29 |    58 ||    87
       Conjure Flame     |       |     1 ||     1
  Use: Scroll            |     9 |     5 ||    14
       Potion            |       |     1 ||     1
 Stab: Sleeping          |       |     1 ||     1
  Eat: Bread ration      |     2 |       ||     2
       Meat ration       |       |     1 ||     1
Armor: Robe              |     5 |     8 ||    13
Dodge: Dodged            |    20 |    24 ||    44
